 Dungeon Crawl Stone Soup version 0.29.1-15-g9cfb28693d (webtiles) character file.

Game seed: 7905963160548967728

296 KamiKatze the Trooper (level 6, -5/57 HPs)
             Began as a Gargoyle Berserker on Apr 1, 2023.
             Was a Priest of Trog.
             Slain by an orc priest
             ... wielding a +0 flail
              (8 damage)
             ... on level 4 of the Dungeon.
             The game lasted 00:09:12 (3105 turns).

KamiKatze the Trooper (Gargoyle Berserker)          Turns: 3105, Time: 00:09:12

Health: -5/57      AC: 10    Str: 22    XL:     6   Next: 35%
Magic:  6/6        EV: 10    Int:  8    God:    Trog [***...]
Gold:   135        SH:  3    Dex:  9    Spells: 5/5 levels left

rFire   . . .      SeeInvis .   a - +0 hand axe
rCold   . . .      Faith    .   y - +0 buckler
rNeg    + + .      Spirit   .   n - +0 ring mail {rN+}
rPois   ∞          Reflect  .   (no helmet)
rElec   +          Harm     .   o - scarf {shadows}
rCorr   .          Rampage  .   (no gloves)
Will    +++..                   (no boots)
Stlth   ..........              (no amulet)
HPRegen 1.19/turn               i - ring of willpower
MPRegen 0.10/turn               (no ring)

@: berserking, strong-willed, regenerating, very quick
A: sickness immunity, AC +4, negative energy resistance 1, electricity
resistance, torment resistance 1, petrification resistance
a: Renounce Religion, Berserk, Trog's Hand


You were on level 4 of the Dungeon.
You worshipped Trog.
Trog was most pleased with you.
You visited 1 branch of the dungeon, and saw 4 of its levels.

You collected 135 gold pieces.

Inventory:

Hand Weapons
 a - a +0 hand axe (weapon)
 w - a +4 flail
Missiles
 s - 5 poisoned darts (quivered)
 x - a throwing net
Armour
 n - a +0 ring mail of positive energy (worn)
 o - a scarf of shadows (worn)
 y - a +0 buckler (worn)
Jewellery
 i - a ring of willpower (left hand)
Scrolls
 c - a scroll of enchant weapon {unknown}
 d - a scroll of noise {unknown}
 e - 2 scrolls of butterflies {unknown}
 g - 2 scrolls of enchant armour {unknown}
 j - 4 scrolls of immolation {unknown}
 k - 2 scrolls of torment {unknown}
 l - 6 scrolls of identify {unknown}
 m - a scroll of vulnerability {unknown}
 q - 2 scrolls of teleportation {unknown}
 t - a scroll of fear {unknown}
 v - a scroll of poison {unknown}
Potions
 b - 2 potions of curing {unknown}
 f - a potion of heal wounds {unknown}
 h - a potion of berserk rage {unknown}
 p - 2 potions of lignification {unknown}
 r - a potion of cancellation {unknown}
 u - a potion of haste {unknown}


   Skills:
 + Level 4.1 Fighting
 * Level 4.1 Axes
 + Level 1.8 Throwing
 + Level 3.3 Armour
 + Level 2.3 Dodging
 + Level 0.4 Shields
 + Level 1.6 Evocations


You had 5 spell levels left.
You didn't know any spells.
Your spell library was empty.

Dungeon Overview and Level Annotations

Branches:
Dungeon (4/15)
 Temple: D:4-7

Altars:
Okawaru
Sif Muna
Zin


Innate Abilities, Weirdness & Mutations

You are immune to sickness and miasma.
Your stone body is resilient. (AC +4)
You are immune to poison.
You resist negative energy. (rN+)
You are resistant to electric shocks. (rElec)
You are resistant to unholy torment.
You are immune to petrification.


Message History

You barely miss something. x2; You hit the dart slug.
Something hits you but does no damage. x2; The orc priest barely misses you.
The dart slug launches a dart at you. The slug dart hits you.
* * * LOW HITPOINT WARNING * * *
Something hits you but does no damage.
The orc priest hits you with a +0 flail.
* * * LOW HITPOINT WARNING * * *
Something hits you.
* * * LOW HITPOINT WARNING * * *
You barely miss the orc priest. You hit something. Trog accepts your kill.
Trog appreciates your killing of a magic user.
Reactivating autopickup.
You feel a bit more experienced.
You miss something. You slash the dart slug!
You kill the dart slug!
Trog accepts your kill.
You hear a zap.
You hear a grinding noise.
The orc priest hits you with a +0 flail.
* * * LOW HITPOINT WARNING * * *
Something hits you but does no damage.
Deactivating autopickup; reactivate with Ctrl-A.
Unknown command.
A red film seems to cover your vision as you go berserk!
You feel yourself moving faster!
You feel mighty! You block the orc wizard's attack.
The orc priest calls down the wrath of Beogh upon you.
Beogh smites you!
* * * LOW HITPOINT WARNING * * *
Something hits you.
* * * LOW HITPOINT WARNING * * *
You miss something. You slash the orc priest! You closely miss the orc wizard.
You hit the orc priest.
The orc priest is almost dead.
You miss something. You barely miss the orc wizard.
The orc wizard points at you and mumbles some strange words.
The magic dart hits you but does no damage.
Something hits you but does no damage.
The orc priest hits you with a +0 flail!
You die...

...####...............#### .#
#.......#<###.......#........
..[####.#.###.......#........
#..##......##.......#......
##.##.#.#..# .......#......
#.##.#.##.###.....##......
#.#...............# ......
#............$.)..#
#............)@{.#
.............oo.....
...................
...................
............#......
................. ......
......


You could see an orc priest and an orc wizard.

Vanquished Creatures
  Natasha (D:4)
  An orc wizard (D:4)
  10 gnolls
  4 adders (D:2)
  5 worms
  4 dart slugs
  2 orcs
  3 bats
  6 endoplasms
  2 giant cockroaches
  6 goblins
  6 hobgoblins
  4 jackals (D:2)
  10 kobolds
  3 quokkas
  14 ball pythons
  4 frilled lizards
  6 rats
91 creatures vanquished.

Vanquished Creatures (others)
  4 plants (D:2)
4 creatures vanquished.

Grand Total: 95 creatures vanquished

Notes
Turn   | Place    | Note
-------+----------+-------------------------------------------
     0 | D:1      | KamiKatze the Gargoyle Berserker began the quest for the
                  | Orb.
     0 | D:1      | Reached XP level 1. HP: 14/14 MP: 1/1
    28 | D:1      | Found a faded altar of an unknown god.
   125 | D:1      | Reached XP level 2. HP: 12/19 MP: 2/2
   755 | D:1      | Reached XP level 3. HP: 23/23 MP: 3/3
  1091 | D:2      | Reached skill level 1 in Throwing
  1091 | D:2      | Reached skill level 1 in Evocations
  1091 | D:2      | Reached XP level 4. HP: 18/28 MP: 4/4
  1271 | D:2      | Reached ** piety under Trog
  1282 | D:2      | Reached XP level 5. HP: 6/33 MP: 5/5
  2173 | D:3      | Found a shimmering blue altar of Sif Muna.
  2234 | D:3      | Found a glowing silver altar of Zin.
  2240 | D:3      | Found an iron altar of Okawaru.
  2386 | D:3      | Reached *** piety under Trog
  2598 | D:3      | Reached XP level 6. HP: 20/38 MP: 6/6
  3088 | D:4      | Noticed Natasha
  3098 | D:4      | Killed Natasha
  3103 | D:4      | HP: 2/57 [orc priest/divine providence (13)]
  3105 | D:4      | Slain by an orc priest

Illustrated notes

Levels and vault maps discovered:
D:1:      roderic_dead_forest, layout_loops_ring,
          shapermc_ecumenical_altar_venn, hangedman_glass_teeth
D:2:      layout_rooms, minmay_tree_intersection, minmay_shallow_snake_nest
D:3:      layout_loops_ring, lemuel_crystal_altar,
          mainiacjoe_overflow_large_starburst
D:4:      layout_rooms, jmf_multi_god_temple2,
          minmay_temple_entry_drinking_statues, uniq_ijyb, uniq_natasha

Skill      XL: |  1  2  3  4  5  6 |
---------------+-------------------+-----
Axes           | 3 4 |  4.1
Throwing       | 1 |  1.8
Evocations     | 1 |  1.6
Dodging        | 2 |  2.3
Armour         | 3 |  3.3
Fighting       | 4 |  4.1
Shields        | |  0.4

Action                   |  1- 3 |  4- 6 || total
-------------------------+-------+-------++-------
Melee: Hand axe          |   123 |   226 ||   349
       Punch             |       |     2 ||     2
Invok: Berserk           |     2 |     2 ||     4
       Trog's Hand       |       |     1 ||     1
Armor: Animal skin       |    19 |       ||    19
       Ring mail         |    28 |    83 ||   111
Dodge: Dodged            |    75 |   122 ||   197
Block: Buckler           |       |     3 ||     3
